 Dungeon Crawl Stone Soup version 0.12.2-14-g7c90c79 (webtiles) character file.

199 MarVin the Chopper (level 4, 36/36 HPs)
             Began as a Demonspawn Fighter on Aug 5, 2013.
             Quit the game on Level 3 of the Dungeon.
             The game lasted 00:04:38 (1940 turns).

MarVin the Chopper (Demonspawn Fighter)             Turns: 1940, Time: 00:04:38

HP  36/36        AC  6     Str 18      XL: 4   Next: 12%
MP   3/3         EV  5     Int  9      God:
Gold 123         SH 18     Dex 12      Spells:  0 memorised,  3 levels left

Res.Fire  : . . .   See Invis. : .   a - +0 hand axe {=f}
Res.Cold  : . . .   Warding    : .   b - +0 scale mail
Life Prot.: . . .   Conserve   : .   c - +0 shield
Res.Poison: .       Res.Corr.  : .   (no helmet)
Res.Elec. : .       Clarity    : .   (no cloak)
Sust.Abil.: . .     Spirit.Shd : .   (no gloves)
Res.Mut.  : .       Stasis     : .   (no boots)
Res.Rott. : .       Ctrl.Telep.: .   (no amulet)
Saprovore : . . .   Flight     : .   (no ring)
                                     (no ring)

@: slightly resistant to hostile enchantments, extremely unstealthy
A: spiny 1
a: no special abilities


You were on level 3 of the Dungeon.
You were not hungry.

You visited 1 branch of the dungeon, and saw 3 of its levels.

You collected 103 gold pieces.

Inventory:

Hand weapons
 a - a +0,+0 hand axe (weapon) {=f}
Missiles
 m - 21 arrows of flame
Armour
 b - a +0 scale mail (worn)
 c - a +0 shield (worn)
 p - a +0 chain mail
 t - a +2 shield
Comestibles
 d - 2 bread rations
 n - a meat ration
 q - an orange
 u - a pear
 C - a choko
 D - a lychee
Scrolls
 e - 2 scrolls of recharging {unknown}
 f - a scroll of remove curse {unknown}
 g - a scroll of curse weapon {unknown}
 h - a scroll of enchant armour {unknown}
 i - 2 scrolls of noise {unknown}
 j - 3 scrolls of identify {unknown}
 k - a scroll of enchant weapon I {unknown}
 o - a scroll of fog {unknown}
 s - a scroll of curse jewellery {unknown}
 x - a scroll of blinking {unknown}
Potions
 l - 2 potions of curing {unknown}
 r - a potion of invisibility {unknown}
 v - a potion of paralysis {unknown}
 w - a potion of might {unknown}
 z - 2 potions of heal wounds {unknown}
 A - a potion of resistance {unknown}


   Skills:
 - Level 3.2 Fighting
 + Level 3.3 Axes
 - Level 3.0 Armour
 - Level 3.0 Shields


You had 3 spell levels left.
You didn't know any spells.

Dungeon Overview and Level Annotations

Branches:
Dungeon (3/27)

Altars:
Ashenzari


Innate Abilities, Weirdness & Mutations

You are partially covered in sharp spines.


Message History

You block the adder's attack.
You closely miss the adder.
The adder is severely wounded.
You block the adder's attack. The adder bites you but does no damage.
You miss the adder.
The adder is severely wounded.
The adder bites you but does no damage. The adder barely misses you.
Your shield and scale mail prevent you from hitting the adder.
The adder is severely wounded.
The adder bites you but does no damage.
You closely miss the adder.
The adder is severely wounded.
The adder bites you but does no damage.
You hit the adder.
You kill the adder!
You have reached level 4!
Your demonic ancestry asserts itself...
Sharp spines emerge from parts of your body.
You feel stronger.
Are you sure you want to abandon this character and quit the game? (Confirm with "yes".)

#### ...## .....# .....#
.....# .....#
#################...?.###
................@........
#########################


There were no monsters in sight!

Vanquished Creatures
  A gnoll (D:1)
  2 adders
  2 giant geckos
  5 orcs (D:3)
  A ball python (D:2)
  6 bats
  5 giant cockroaches
  6 goblins
  5 hobgoblins
  3 giant newts
  3 rats
39 creatures vanquished.

Vanquished Creatures (others)
  A kobold (D:3)
1 creature vanquished.

Grand Total: 40 creatures vanquished

Notes
Turn   | Place    | Note
--------------------------------------------------------------
     0 | D:1      | MarVin, the Demonspawn Fighter, began the quest for the Orb.
     0 | D:1      | Reached XP level 1. HP: 18/18 MP: 0/0
    37 | D:1      | Reached XP level 2. HP: 12/24 MP: 1/1
   915 | D:2      | Reached XP level 3. HP: 30/30 MP: 2/2
  1170 | D:2      | Found a shattered altar of Ashenzari.
  1939 | D:3      | Gained mutation: You are partially covered in sharp spines. [demonic ancestry]
  1939 | D:3      | Reached XP level 4. HP: 36/36 MP: 3/3
  1940 | D:3      | Quit the game

Action                   |  1- 3 |  4- 6 || total
-------------------------+-------+-------++-------
Melee: Hand axe          |   186 |       ||   186
